 Dungeon Crawl Stone Soup version 0.29.1-4-g47bece8355 (webtiles) character file.

Game seed: 8095065156025107337

283 sanboga the Chopper (level 6, -6/56 HPs)
             Began as a Hill Orc Monk on Dec 6, 2022.
             Mangled by Edmund
             ... wielding a +2 vorpal dire flail
              (11 damage)
             ... on level 4 of the Dungeon.
             The game lasted 00:03:19 (3463 turns).

sanboga the Chopper (Hill Orc Monk)                 Turns: 3463, Time: 00:03:20

Health: -6/56      AC: 11    Str: 16    XL:     6   Next: 28%
Magic:  6/6        EV:  9    Int: 16    God:
Gold:   68         SH:  0    Dex: 13    Spells: 5/5 levels left

rFire   . . .      SeeInvis .   t - +0 war axe
rCold   + . .      Faith    .   (no shield)
rNeg    + . .      Spirit   .   i - +0 pearl dragon scales
rPois   .          Reflect  .   (no helmet)
rElec   .          Harm     .   (no cloak)
rCorr   .          Rampage  .   (no gloves)
Will    .....                   (no boots)
Stlth   ..........              (no amulet)
HPRegen 0.18/turn               r - +6 ring of intelligence
MPRegen 0.10/turn               p - ring of protection from cold

@: confused, ambrosia-drunk
A: no striking features
a: no special abilities


You were on level 4 of the Dungeon.
You visited 2 branches of the dungeon, and saw 5 of its levels.

You collected 138 gold pieces.
You spent 70 gold pieces at shops.

Inventory:

Hand Weapons
 t - a +0 war axe (weapon)
Armour
 i - +0 pearl dragon scales (worn)
Jewellery
 p - a ring of protection from cold (right hand)
 r - a +6 ring of intelligence (left hand)
Wands
 u - a wand of digging (5)
Scrolls
 a - 2 scrolls of noise {unknown}
 d - a scroll of poison {unknown}
 e - a scroll of acquirement {unknown}
 f - 4 scrolls of identify {unknown}
 j - a scroll of fog {unknown}
 k - a scroll of immolation {unknown}
 m - 5 scrolls of enchant weapon {unknown}
 n - 2 scrolls of blinking {unknown}
 o - 2 scrolls of amnesia {unknown}
 q - 4 scrolls of vulnerability {unknown}
Potions
 g - a potion of magic {unknown}
 h - a potion of lignification {unknown}
 l - 2 potions of curing {unknown}
 s - a potion of might {unknown}


   Skills:
 + Level 5.1 Fighting
 * Level 7.0 Axes
 + Level 3.1 Armour
 - Level 2.4 Dodging
 - Level 1.5 Stealth


You had 5 spell levels left.
You didn't know any spells.
Your spell library contained the following spells:

 Spells                   Type           Power      Damage    Failure   Level
 Apportation              Tloc           0%         N/A       75%         1
 Blink                    Tloc           0%         N/A       87%         2
 Lesser Beckoning         Tloc           0%         N/A       98%         3
 Alistair's Intoxication  Tmut/Pois      0%         N/A       100%        5
 Manifold Assault         Tloc           0%         N/A       100%        5


Dungeon Overview and Level Annotations

Branches:
Dungeon (4/15)             Temple (1/1) D:4

Altars:
Ashenzari
Elyvilon
Fedhas
Hepliaklqana
Qazlal
Sif Muna
Vehumet
Xom
Yredelemnul
Zin

Shops:
D:3 !

Annotations:
D:4 Edmund


Message History

Edmund hits you with a +2 vorpal dire flail!
You barely miss Edmund.
Edmund is moderately wounded.
Edmund hits you with a +2 vorpal dire flail!
Edmund says, "A flail is better than a scythe, any day of the week!"
Edmund barely misses you.
You slash Edmund!
Edmund is heavily wounded.
Edmund hits you with a +2 vorpal dire flail.
You hit Edmund.
Edmund is heavily wounded.
Edmund hits you with a +2 vorpal dire flail.
You hit Edmund.
Edmund is heavily wounded.
Edmund hits you with a +2 vorpal dire flail!
You are too injured to fight recklessly!
You are too injured to fight recklessly!
You are too injured to fight recklessly!
You are too injured to fight recklessly!
You are too injured to fight recklessly!
You are too injured to fight recklessly!
You are too injured to fight recklessly!
You hit Edmund but do no damage.
Edmund is heavily wounded.
Edmund hits you with a +2 vorpal dire flail.
You hit Edmund but do no damage.
Edmund is heavily wounded.
Edmund hits you with a +2 vorpal dire flail!
* * * LOW HITPOINT WARNING * * *
x2 You barely miss Edmund.
Edmund is heavily wounded.
Edmund barely misses you.
You hit Edmund but do no damage.
Edmund is heavily wounded.
Edmund hits you with a +2 vorpal dire flail.
* * * LOW HITPOINT WARNING * * *
x2 You are confused.
You feel invigorated.
Edmund hits you with a +2 vorpal dire flail!
You die...

#......#####
###..
#####......###
##.
#...(....## ##
##........# #
#........# #
##......## ##
#..#..## #.
.#..#####.##.#
##.
.^....@@...###
####..
.#.#..####.#
#..... #...
..# #..... #..
..# #.)..≈ #.
#.# ##..≈≈≈ ..
#.. ####..≈≈≈≈
.
#.##.....≈≈≈≈
#[.......≈≈≈≈
#.......≈≈≈≈


You could see Edmund.

Vanquished Creatures
  A steam dragon (D:4)
  A bullfrog (D:4)
  An adder (D:4)
  2 worms
  4 dart slugs
  An orc (D:4)
  3 endoplasms
  2 giant cockroaches (D:4)
  8 goblins
  5 hobgoblins
  4 jackals (D:2)
  3 quokkas
  7 ball pythons
  11 bats
  5 kobolds
  7 rats
  A spectral goblin (D:3)
66 creatures vanquished.

Notes
Turn   | Place    | Note
-------+----------+-------------------------------------------
     0 | D:1      | sanboga the Hill Orc Monk began the quest for the Orb.
     0 | D:1      | Reached XP level 1. HP: 19/19 MP: 1/1
   259 | D:1      | Reached XP level 2. HP: 27/27 MP: 2/2
   536 | D:1      | Found a faded altar of an unknown god.
   539 | D:1      | Reached skill level 1 in Armour
   827 | D:1      | Reached XP level 3. HP: 33/33 MP: 3/3
  1136 | D:2      | Reached skill level 5 in Axes
  1768 | D:2      | Reached XP level 4. HP: 37/40 MP: 4/4
  1910 | D:3      | Found a hazy altar of Hepliaklqana.
  2038 | D:3      | Found Pojuq Icu's Distillery.
  2046 | D:3      | Bought a potion of heal wounds for 70 gold pieces
  2356 | D:3      | Found a glowing silver altar of Zin.
  2608 | D:4      | Found a staircase to the Ecumenical Temple.
  2642 | Temple   | Entered the Ecumenical Temple
  2725 | D:4      | Noticed a bullfrog
  2732 | D:4      | Killed a bullfrog
  2733 | D:4      | Reached skill level 6 in Axes
  2733 | D:4      | Reached XP level 5. HP: 33/47 MP: 5/5
  2862 | D:4      | Noticed a steam dragon
  2878 | D:4      | Killed a steam dragon
  2879 | D:4      | Reached skill level 5 in Fighting
  2879 | D:4      | Reached XP level 6. HP: 17/56 MP: 6/6
  3190 | D:4      | Reached skill level 7 in Axes
  3355 | D:4      | Found a shimmering blue altar of Sif Muna.
  3418 | D:4      | Found a blossoming altar of Fedhas.
  3448 | D:4      | Noticed Edmund
  3462 | D:4      | HP: 2/56 [Edmund/+2 vorpal dire flail (2)]
  3463 | D:4      | Mangled by Edmund

Illustrated notes

Levels and vault maps discovered:
D:1:      noname_arrival_rooms_in_the_neighbourhood, layout_basic,
          shapermc_ecumenical_altar_mp_urbaneastern
D:2:      layout_basic
D:3:      layout_basic, mainiacjoe_overflow_alcove_4,
          nicolae_hepliaklqana_monster_ancestors, serial_shops,
          nicolae_shop_crystal
D:4:      layout_cave_pods, nicolae_ru_the_path_less_chosen,
          kennysheep_little_box, lemuel_tele_altar, lemuel_blue_sif_altar,
          temple_pool_b, uniq_edmund
Temple:   hellmonk_temple_micro_hex

Skill      XL: |  1  2  3  4  5  6 |
---------------+-------------------+-----
Armour         | 1 2 3 |  3.1
Fighting       | 4 5 |  5.1
Axes           | 5 6 7 |  7.0
Dodging        | |  2.4
Stealth        | |  1.5

Action                   |  1- 3 |  4- 6 || total
-------------------------+-------+-------++-------
Melee: Hand axe          |   104 |       ||   104
       War axe           |    11 |    78 ||    89
  Use: Potion            |       |     3 ||     3
 Stab: Invisible         |       |     1 ||     1
Armor: Pearl dragon scal |    57 |    25 ||    82
       Robe              |     3 |       ||     3
Dodge: Dodged            |    53 |    53 ||   106
